EVO
FRESNO STATE UNIVERSITY BULLDOGS @ UNIVERSITY OF NORTH CAROLINA AT CHAPEL HILL TAR HEELS
11/22/2045
 
TOP OF THE 1ST
Stanford University Cardinal batting - Pitching for University of South Carolina Gamecocks : RHP Skyler Webster
Pitching: RHP Skyler Webster
Batting: RHB Zack DiCicco 0-0: Called Strike
0-1: Called Strike
0-2: Ball
1-2: Ball
2-2: Foul Ball, location: 2F
2-2: Foul Ball, location: 2F
2-2: Foul Ball, location: 2F
2-2: Ball
3-2: Ground out 6-3 (Groundball, 6, EV 91.3 MPH)
Batting: RHB Bill Moldenhauer 0-0: Called Strike
0-1: Swinging Strike
0-2: Ball
1-2: Foul Ball, location: 2F
1-2: Foul Ball, location: 2F
1-2: Foul Ball, location: 2F
1-2: Fly out, F8 (Flyball, 89XD, EV 100.0 MPH)
Batting: SHB Ryan Doss 0-0: Ball
1-0: Ball
2-0: Swinging Strike
2-1: Called Strike
2-2: Foul Ball, location: 2F
2-2: Foul Ball, location: 2F
2-2: Ball
3-2: Ground out 6-3 (Groundball, 6M, EV 92.5 MPH)
Top of the 1st over - 0 runs, 0 hits, 0 errors, 0 left on base; Stanford University 0 - University of South Carolina 0
BOTTOM OF THE 1ST
University of South Carolina Gamecocks batting - Pitching for Stanford University Cardinal : RHP Hunter Vanderhyden
Pitching: RHP Hunter Vanderhyden
Batting: RHB Mike Sebastian 0-0: Ball
1-0: Foul Ball, location: 2F
1-1: Ball
2-1: Foul Ball, location: 2F
2-2: Ball
3-2: Base on Balls
Batting: RHB Scott Dove 0-0: Fielders Choice at 2nd, 2-4 (Groundball, 15S, EV 73.1 MPH)
Batting: RHB John Paredes 0-0: Ground out 3-1 (Groundball, 34S, EV 80.6 MPH)
Scott Dove to second
Batting: RHB Kevin Roseen 0-0: Ball
1-0: Ball
2-0: SINGLE (Line Drive, 8RS, EV 88.1 MPH)
Scott Dove to third
Runner from 3rd tries for Home, SAFE, throw by CF to home
Kevin Roseen to second
Batting: RHB Billy Grubbs 0-0: Ball
1-0: Swinging Strike
1-1: Fly out, F9 (Flyball, 9LS, EV 88.1 MPH)
Bottom of the 1st over - 1 run, 1 hit, 0 errors, 1 left on base; Stanford University 0 - University of South Carolina 1
TOP OF THE 2ND
Stanford University Cardinal batting - Pitching for University of South Carolina Gamecocks : RHP Skyler Webster
Batting: LHB Tom Raupp 0-0: Ball
1-0: Ball
2-0: Foul Ball, location: 2F
2-1: Ball
3-1: Base on Balls
Batting: RHB Nick Phipps 0-0: Fly out, F5 (Popup, 5SF, EV 80.6 MPH)
Batting: SHB Jose Castillo 0-0: Sac Bunt to 5S - play at second, runner OUT! 5-6
Batting: RHB Matt Purchase 0-0: Fly out, F8 (Flyball, 8RD, EV 91.3 MPH)
Top of the 2nd over - 0 runs, 0 hits, 0 errors, 1 left on base; Stanford University 0 - University of South Carolina 1
BOTTOM OF THE 2ND
University of South Carolina Gamecocks batting - Pitching for Stanford University Cardinal : RHP Hunter Vanderhyden
Batting: SHB Charlie Keller 0-0: SINGLE (Line Drive, 6D, EV 101.9 MPH)
Batting: RHB Jesus Santiago 0-0: Called Strike
Charlie Keller steals 2nd base
0-1: Called Strike
0-2: Ground out U3 (Groundball, 34, EV 92.5 MPH)
Charlie Keller to third
Batting: LHB Phil Gould 0-0: Foul Ball, location: 2F
0-1: Ball
1-1: Fly out, F7 (Flyball, 7LM, EV 100.6 MPH)
Batting: LHB Skyler Webster 0-0: Ball
1-0: SINGLE (Line Drive, 34D, EV 98.1 MPH)
Charlie Keller scores
Batting: RHB Mike Sebastian 0-0: Ball
1-0: Foul Ball, location: 2F
1-1: Fielders Choice at 2nd, U6 (Groundball, 6M, EV 88.1 MPH)
Bottom of the 2nd over - 1 run, 2 hits, 0 errors, 1 left on base; Stanford University 0 - University of South Carolina 2
TOP OF THE 3RD
Stanford University Cardinal batting - Pitching for University of South Carolina Gamecocks : RHP Skyler Webster
Batting: SHB Jarrod Lindblad 0-0: Ball
1-0: DOUBLE (Line Drive, 9LS, EV 95.6 MPH)
Batting: RHB Hunter Vanderhyden 0-0: Sac Bunt to 3S - play at first, batter OUT! 3-1
Jarrod Lindblad to third
Batting: RHB Zack DiCicco 0-0: Swinging Strike
0-1: Foul Ball, location: 2F
0-2: Fly out, F3 (Popup, 3F, EV 68.8 MPH)
Batting: RHB Bill Moldenhauer 0-0: Ball
1-0: Ball
2-0: Ball
3-0: Foul Ball, location: 2F
3-1: Base on Balls
Batting: SHB Ryan Doss 0-0: Called Strike
0-1: Ball
1-1: Foul Ball, location: 2F
1-2: Ball
2-2: Foul Ball, location: 2F
2-2: Ball
3-2: Foul Ball, location: 2F
3-2: SINGLE (Line Drive, 7, EV 110.6 MPH)
Jarrod Lindblad scores
Bill Moldenhauer to second
Bill Moldenhauer to third
Batting: LHB Tom Raupp 0-0: Foul Ball, location: 2F
0-1: Ball
1-1: Foul Ball, location: 2F
1-2: Ball
2-2: Foul Ball, location: 2F
2-2: Ball
Ryan Doss steals 2nd base
3-2: SINGLE (Groundball, 34D, EV 96.9 MPH)
Bill Moldenhauer scores
Ryan Doss to third
Ryan Doss scores
Batting: RHB Nick Phipps 0-0: Fly out, F8 (Flyball, 89D, EV 100.0 MPH)
Top of the 3rd over - 3 runs, 3 hits, 0 errors, 1 left on base; Stanford University 3 - University of South Carolina 2
BOTTOM OF THE 3RD
University of South Carolina Gamecocks batting - Pitching for Stanford University Cardinal : RHP Hunter Vanderhyden
Batting: RHB Scott Dove 0-0: Bunt for hit to 15S - play at first, batter OUT! 1-3
Batting: RHB John Paredes 0-0: Ground out U3 (Groundball, 13, EV 88.8 MPH)
Batting: RHB Kevin Roseen 0-0: Called Strike
0-1: Swinging Strike
0-2: Foul Ball, location: 2F
0-2: Ball
1-2: Foul Ball, location: 2F
1-2: Ball
2-2: Strikes out swinging
Bottom of the 3rd over - 0 runs, 0 hits, 0 errors, 0 left on base; Stanford University 3 - University of South Carolina 2
TOP OF THE 4TH
Stanford University Cardinal batting - Pitching for University of South Carolina Gamecocks : RHP Skyler Webster
Batting: SHB Jose Castillo 0-0: Ball
1-0: Foul Ball, location: 2F
1-1: Foul Ball, location: 2F
1-2: Ball
2-2: Ball
3-2: Foul Ball, location: 2F
3-2: SINGLE (Groundball, 4MD, EV 93.8 MPH)
Batting: RHB Matt Purchase 0-0: Ball
1-0: Called Strike
1-1: Ball
2-1: Ball
3-1: Foul Ball, location: 2F
3-2: Foul Ball, location: 2F
3-2: Ground out 3-1 (Groundball, 23, EV 91.9 MPH)
Jose Castillo to second
Batting: SHB Jarrod Lindblad 0-0: Ball
1-0: Foul Ball, location: 2F
1-1: Called Strike
1-2: Ball
2-2: Ground out 4-3 (Groundball, 4, EV 90.6 MPH)
Jose Castillo to third
Pitching: LHP Kevin Vangsness
Batting: RHB Hunter Vanderhyden 0-0: Foul Ball, location: 2F
0-1: Ground out 6-3 (Groundball, 6, EV 83.8 MPH)
Top of the 4th over - 0 runs, 1 hit, 0 errors, 1 left on base; Stanford University 3 - University of South Carolina 2
BOTTOM OF THE 4TH
University of South Carolina Gamecocks batting - Pitching for Stanford University Cardinal : RHP Hunter Vanderhyden
Batting: RHB Billy Grubbs 0-0: Foul Ball, location: 2F
0-1: Foul Ball, location: 2F
0-2: Strikes out swinging
Batting: SHB Charlie Keller 0-0: Called Strike
0-1: Swinging Strike
0-2: Strikes out looking
Batting: RHB Jesus Santiago 0-0: Ball
1-0: Ground out U3 (Groundball, 3, EV 102.5 MPH)
Bottom of the 4th over - 0 runs, 0 hits, 0 errors, 0 left on base; Stanford University 3 - University of South Carolina 2
TOP OF THE 5TH
Stanford University Cardinal batting - Pitching for University of South Carolina Gamecocks : LHP Kevin Vangsness
Batting: RHB Zack DiCicco 0-0: Swinging Strike
0-1: Called Strike
0-2: Ball
1-2: Ground out 5-3 (Groundball, 56, EV 81.3 MPH)
Batting: RHB Bill Moldenhauer 0-0: Called Strike
0-1: Foul Ball, location: 2F
0-2: Foul Ball, location: 2F
0-2: Ball
1-2: Ball
2-2: Foul Ball, location: 2F
2-2: Ball
3-2: TRIPLE (Flyball, 89XD, EV 105.0 MPH)
Batting: SHB Ryan Doss 0-0: Ball
1-0: Foul Ball, location: 2F
1-1: Foul Ball, location: 2F
1-2: Ball
2-2: Foul Ball, location: 2F
2-2: Ball
3-2: Foul Ball, location: 2F
3-2: Foul Ball, location: 2F
3-2: Fly out, F7 (Flyball, 7, EV 71.9 MPH)
Runner from 3rd tags up, OUT at HOME! 7-2
Top of the 5th over - 0 runs, 1 hit, 0 errors, 0 left on base; Stanford University 3 - University of South Carolina 2
BOTTOM OF THE 5TH
University of South Carolina Gamecocks batting - Pitching for Stanford University Cardinal : RHP Hunter Vanderhyden
Batting: LHB Phil Gould 0-0: Called Strike
0-1: Ball
1-1: Called Strike
1-2: Foul Ball, location: 2F
1-2: Ball
2-2: Strikes out swinging
Batting: RHB Kevin Vangsness 0-0: Ball
1-0: Called Strike
1-1: Reached on error, E5 (Groundball, 56S, EV 85.6 MPH)
Batting: RHB Mike Sebastian 0-0: Swinging Strike
0-1: Called Strike
0-2: Ball
1-2: Strikes out looking
Batting: RHB Scott Dove 0-0: Foul Ball, location: 2F
0-1: Fly out, F8 (Flyball, 8RD, EV 92.5 MPH)
Bottom of the 5th over - 0 runs, 0 hits, 1 error, 1 left on base; Stanford University 3 - University of South Carolina 2
TOP OF THE 6TH
Stanford University Cardinal batting - Pitching for University of South Carolina Gamecocks : LHP Kevin Vangsness
Batting: LHB Tom Raupp 0-0: Ball
1-0: Foul Ball, location: 2F
1-1: Swinging Strike
1-2: Ball
2-2: Ball
3-2: Fly out, F7 (Flyball, 7D, EV 105.6 MPH)
Batting: RHB Nick Phipps 0-0: Called Strike
0-1: Fly out, F8 (Line Drive, 8LD, EV 91.9 MPH)
Batting: SHB Jose Castillo 0-0: Foul Ball, location: 2F
0-1: Bunt for hit to 3S - play at first, batter safe!
Batting: RHB Matt Purchase 0-0: Called Strike
0-1: Swinging Strike
0-2: Ball
1-2: Ground out 5-3 (Groundball, 56S, EV 68.1 MPH)
Top of the 6th over - 0 runs, 1 hit, 0 errors, 1 left on base; Stanford University 3 - University of South Carolina 2
BOTTOM OF THE 6TH
University of South Carolina Gamecocks batting - Pitching for Stanford University Cardinal : RHP Hunter Vanderhyden
Batting: RHB John Paredes 0-0: Called Strike
0-1: Swinging Strike
0-2: Foul Ball, location: 2F
0-2: Strikes out swinging
Batting: RHB Kevin Roseen 0-0: Ball
1-0: Called Strike
1-1: Ground out 4-3 (Groundball, 4, EV 81.3 MPH)
Batting: RHB Billy Grubbs 0-0: Ball
1-0: Ball
2-0: Called Strike
2-1: Foul Ball, location: 2F
2-2: Ground out 6-3 (Groundball, 6, EV 98.8 MPH)
Bottom of the 6th over - 0 runs, 0 hits, 0 errors, 0 left on base; Stanford University 3 - University of South Carolina 2
TOP OF THE 7TH
Stanford University Cardinal batting - Pitching for University of South Carolina Gamecocks : LHP Kevin Vangsness
Pitching: RHP Jeremy Langland
Batting: SHB Jarrod Lindblad 0-0: Called Strike
0-1: Ground out 5-3 (Groundball, 5, EV 86.3 MPH)
Batting: RHB Hunter Vanderhyden 0-0: Fly out, F7 (Flyball, 7LM, EV 94.4 MPH)
Batting: RHB Zack DiCicco 0-0: Ball
1-0: Swinging Strike
1-1: Ball
2-1: Ball
3-1: Base on Balls
Batting: RHB Bill Moldenhauer 0-0: Ball
1-0: Called Strike
1-1: Ball
2-1: Swinging Strike
2-2: Strikes out swinging
Top of the 7th over - 0 runs, 0 hits, 0 errors, 1 left on base; Stanford University 3 - University of South Carolina 2
BOTTOM OF THE 7TH
University of South Carolina Gamecocks batting - Pitching for Stanford University Cardinal : RHP Hunter Vanderhyden
Batting: SHB Charlie Keller 0-0: Called Strike
0-1: Ball
1-1: Ball
2-1: Foul Ball, location: 2F
2-2: Strikes out looking
Pitching: RHP Edwin Avila
Batting: RHB Jesus Santiago 0-0: Ball
1-0: Foul Ball, location: 2F
1-1: Ball
2-1: SOLO HOME RUN (Flyball, 9D, EV 102.5 MPH), Distance : 376 ft
Batting: LHB Phil Gould 0-0: Ball
1-0: Called Strike
1-1: Foul Ball, location: 2F
1-2: SINGLE (Line Drive, 56D, EV 103.1 MPH)
Pinch Hitting: RHB Mitch Cuadros 0-0: Called Strike
0-1: Foul Ball, location: 2F
0-2: Ball
1-2: Ball
2-2: Foul Ball, location: 2F
2-2: Ball
3-2: Foul Ball, location: 2F
3-2: Grounds into double play, U6-3 (Groundball, 4M, EV 98.8 MPH)
Bottom of the 7th over - 1 run, 2 hits, 0 errors, 0 left on base; Stanford University 3 - University of South Carolina 3
TOP OF THE 8TH
Stanford University Cardinal batting - Pitching for University of South Carolina Gamecocks : RHP Jeremy Langland
Pitching: RHP Rickey Wiethorn
Batting: SHB Ryan Doss 0-0: SOLO HOME RUN (Flyball, 9D, EV 108.8 MPH), Distance : 362 ft
Batting: LHB Tom Raupp 0-0: Foul Ball, location: 2F
0-1: Foul Ball, location: 2F
0-2: Strikes out swinging
Batting: RHB Nick Phipps 0-0: Called Strike
0-1: Ball
1-1: Called Strike
1-2: Foul Ball, location: 2F
1-2: Ball
2-2: Strikes out swinging
Batting: SHB Jose Castillo 0-0: Ground out 6-3 (Groundball, 6S, EV 66.3 MPH)
Top of the 8th over - 1 run, 1 hit, 0 errors, 0 left on base; Stanford University 4 - University of South Carolina 3
BOTTOM OF THE 8TH
University of South Carolina Gamecocks batting - Pitching for Stanford University Cardinal : RHP Edwin Avila
Batting: RHB Mike Sebastian 0-0: Ball
1-0: Called Strike
1-1: Ball
2-1: Ball
3-1: Base on Balls
Batting: RHB Scott Dove 0-0: Fly out, F3 (Popup, 3L, EV 67.5 MPH)
Batting: RHB John Paredes 0-0: Called Strike
0-1: Ball
1-1: Ball
2-1: SINGLE (Groundball, 6D, EV 98.8 MPH)
Mike Sebastian to second
Pinch Hitting: RHB Marco Diaz 0-0: Ball
1-0: Foul Ball, location: 2F
1-1: Called Strike
1-2: Foul Ball, location: 2F
1-2: Foul Ball, location: 7LSF, Error on foul ball, E7
1-2: Ball
2-2: Foul Ball, location: 2F
2-2: Ball
3-2: Foul Ball, location: 2F
3-2: Grounds into double play, 3-6-3 (Groundball, 3, EV 88.1 MPH)
Bottom of the 8th over - 0 runs, 1 hit, 1 error, 1 left on base; Stanford University 4 - University of South Carolina 3
TOP OF THE 9TH
Stanford University Cardinal batting - Pitching for University of South Carolina Gamecocks : RHP Rickey Wiethorn
Pitching: RHP Markus Bevan
Now at C: Frank Shelton
Batting: RHB Matt Purchase 0-0: Ball
1-0: Called Strike
1-1: SINGLE (Groundball, 4D, EV 106.3 MPH)
Batting: SHB Jarrod Lindblad 0-0: Ball
1-0: Sac Bunt to 23 - play at first, batter OUT! 3-4
Matt Purchase to second
Pinch Hitting: RHB Micah Brown 0-0: Called Strike
0-1: Ball
1-1: Ball
2-1: Foul Ball, location: 2F
2-2: Foul Ball, location: 2F
2-2: Ball
3-2: Foul Ball, location: 2F
3-2: Base on Balls
Batting: RHB Zack DiCicco 0-0: Ball
1-0: Ball
2-0: Called Strike
2-1: Foul Ball, location: 2F
2-2: 3-RUN HOME RUN (Flyball, 78XD, EV 99.4 MPH), Distance : 446 ft
Pitching: RHP Ray Leuthauser
Batting: RHB Bill Moldenhauer 0-0: Foul Ball, location: 2F
0-1: Foul Ball, location: 2F
0-2: Ball
1-2: Ball
2-2: Strikes out looking
Batting: SHB Ryan Doss 0-0: Called Strike
0-1: Foul Ball, location: 2F
0-2: Ball
1-2: Ball
2-2: Foul Ball, location: 2F
2-2: Ball
3-2: Ground out U3 (Groundball, 3, EV 83.8 MPH)
Top of the 9th over - 3 runs, 2 hits, 0 errors, 0 left on base; Stanford University 7 - University of South Carolina 3
BOTTOM OF THE 9TH
University of South Carolina Gamecocks batting - Pitching for Stanford University Cardinal : RHP Edwin Avila
Pitching: LHP Justin Dubrovsky
Batting: RHB Billy Grubbs 0-0: Fly out, F7 (Flyball, 7LM, EV 95.0 MPH)
Batting: SHB Charlie Keller 0-0: Called Strike
0-1: Ball
1-1: Called Strike
1-2: Ball
2-2: Ground out 6-3 (Groundball, 56, EV 80.6 MPH)
Batting: RHB Jesus Santiago 0-0: Foul Ball, location: 2F
0-1: Foul Ball, location: 2F
0-2: Ball
1-2: Foul Ball, location: 2F
1-2: Strikes out swinging
Bottom of the 9th over - 0 runs, 0 hits, 0 errors, 0 left on base; Stanford University 7 - University of South Carolina 3
Wednesday, June 22nd , 2022 - OOTP Baseball 23.4 Build 64